 Dungeon Crawl Stone Soup version 0.18-a0-373-gaf408bd (webtiles) character file.

100 shane the Skirmisher (level 4, 0/44 HPs)
             Began as a Minotaur Fighter on Nov 28, 2015.
             Slain by Crazy Yiuf
             ... wielding a +2 quarterstaff of chaos
              (20 damage)
             ... on level 3 of the Dungeon on Nov 29, 2015.
             The game lasted 00:08:53 (2043 turns).

shane the Skirmisher (Minotaur Fighter)             Turns: 2043, Time: 00:08:53

Health: 0/44       AC:  5    Str: 22    XL:     4   Next: 46%
Magic:  2/3        EV:  8    Int:  5    God:
Gold:   112        SH:  9    Dex:  9    Spells: 0 memorised, 3 levels left

rFire  . . .     SeeInvis .     h - +0 spear
rCold  . . .     Clarity  .     i - +0 ring mail (curse)
rNeg   . . .     SustAt   .     c - +0 shield
rPois  .         Gourm    .     (helmet restricted)
rElec  .         Spirit   .     (no cloak)
rCorr  .         Warding  .     (no gloves)
rMut   .         Stasis   .     (no boots)
MR     .....                    (no amulet)
Stlth  ..........               (no ring)
                                (no ring)

@: drained, not resistant to hostile enchantments, extremely unstealthy
A: retaliatory headbutt, horns 2
a: no special abilities


You were on level 3 of the Dungeon.
You were not hungry.

You visited 1 branch of the dungeon, and saw 3 of its levels.

You collected 112 gold pieces.

Inventory:

Hand Weapons
 a - a +0 long sword
 h - a +0 spear (weapon)
Missiles
 t - 30 stones (quivered)
Armour
 b - a +0 scale mail
 c - a +0 shield (worn)
 i - a cursed +0 ring mail (worn)
Wands
 e - a wand of enslavement (2)
Scrolls
 f - a scroll of remove curse {unknown}
 g - a scroll of noise {unknown}
 k - 3 scrolls of identify {unknown}
 l - a scroll of fear {unknown}
 p - 2 scrolls of enchant armour {unknown}
 s - a scroll of magic mapping {unknown}
Potions
 d - a potion of might
 j - 2 potions of curing {unknown}
 n - a potion of invisibility {unknown}
 o - a potion of haste {unknown}
 q - a potion of heal wounds {unknown}
 u - a potion of resistance {unknown}
Comestibles
 m - a royal jelly
 r - a beef jerky


   Skills:
 * Level 6.0(5.7) Fighting
 - Level 2.4(2.1) Long Blades
 - Level 4.0(3.7) Armour
 - Level 3.8(3.5) Shields


You had 3 spell levels left.
You didn't know any spells.

Dungeon Overview and Level Annotations

Branches:
Dungeon (3/15)

Altars:

Annotations:
D:3 Crazy Yiuf


Innate Abilities, Weirdness & Mutations

You reflexively headbutt those who attack you in melee.
You have a pair of horns on your head.


Message History

Crazy Yiuf says, "I will never run around and desert you."
t - 30 stones (gained 2)
Things that are here:
a short sword; a quokka skeleton Crazy Yiuf is no longer charmed.
You block Crazy Yiuf's attack.
You hit Crazy Yiuf but do no damage. You headbutt Crazy Yiuf.
Crazy Yiuf is lightly wounded.
Crazy Yiuf hits you with a quarterstaff of chaos!
You feel drained.
Crazy Yiuf hits you with a quarterstaff of chaos.
You feel your power leaking away.
You hit Crazy Yiuf. Your headbutt misses Crazy Yiuf.
Crazy Yiuf is moderately wounded.
You block Crazy Yiuf's attack.
You hit Crazy Yiuf.
Crazy Yiuf is heavily wounded.
Crazy Yiuf screams, "Sif Muna sing-song Hive!"
Crazy Yiuf hits you with a quarterstaff of chaos!
You are electrocuted!
You die...

# #†# . #.###... #.#########.
#....... #..........# .###.#
######. # #..#######.# ..#.. ##'
## #..##### #.# #...## ##.. .##
#......# #<# #...# ##...
..####.#.#.###.# ###.#.### ##....
...###.........###.......###.....
...+...........g@....(##...'.....
...####....#######.......###.....
..## ##.#..# ###.#.### ##.... .##
####.# #...# ##... ## #.# ##.##
##.. # #.# #.# ##' #.# #.# #. #.#
#.# #. # #.# ### ##.


You could see Crazy Yiuf.

Vanquished Creatures
  Ijyb (D:2)
  3 worms (D:2)
  2 giant geckos (D:3)
  7 giant cockroaches
  9 hobgoblins
  4 quokkas
  3 bats
  8 giant newts
  9 goblins
  6 kobolds
  A quokka skeleton (D:3)
  7 rats
60 creatures vanquished.

Vanquished Creatures (collateral kills)
  A bat (D:3)
1 creature vanquished.

Grand Total: 61 creatures vanquished

Notes
Turn   | Place    | Note
--------------------------------------------------------------
     0 | D:1      | shane the Minotaur Fighter began the quest for the Orb.
     0 | D:1      | Reached XP level 1. HP: 19/19 MP: 0/0
   330 | D:1      | Upgraded the game from 0.18-a0-337-g1235303 to 0.18-a0-373-gaf408bd
   380 | D:1      | Reached skill level 4 in Armour
   441 | D:1      | Reached XP level 2. HP: 27/27 MP: 1/1
   784 | D:2      | Noticed Ijyb
   795 | D:2      | Killed Ijyb
   795 | D:2      | Reached skill level 5 in Fighting
   795 | D:2      | Reached XP level 3. HP: 28/36 MP: 2/2
   922 | D:2      | Reached XP level 4. HP: 42/42 MP: 3/3
  1735 | D:3      | Reached skill level 6 in Fighting
  2002 | D:3      | Noticed Crazy Yiuf
  2043 | D:3      | Slain by Crazy Yiuf

Vault maps used:
D:1:      onia_arrival_larder
D:2:      uniq_iyjb
D:3:      uniq_crazy_yiuf_cottage

Action                   |  1- 3 |  4- 6 || total
-------------------------+-------+-------++-------
Melee: Long sword        |    13 |       ||    13
       Spear             |    85 |    75 ||   160
Evoke: Wand              |       |     3 ||     3
 Stab: Distracted        |       |     1 ||     1
  Eat: Bread ration      |       |     1 ||     1
